General information
- name: BNet
- type: Ladder team game (AT/RT)
- host: Battle.net
- saver: lllove
map: DragonFalls
- players: 8
- length: 06:27
- speed: Fast
- version: 1.26 W3XP
- replay type: Public
» download(30 KB)
Players
team 1 (winner)
lllove (
pink | 54 APM | 347 actions | 06:27)
3 Blood Mage
2 Flame Strike
1 Siphon Mana
» actions
| Assign group hotkey | 17 | |
| Basic commands | 8 | |
| Build / train | 28 | |
| Enter build submenu | 12 | |
| Enter hero's abilities submenu | 3 | |
| Give item / drop item | 4 | |
| Right click | 112 | |
| Select / deselect | 125 | |
| Select group hotkey | 17 | |
| Use ability | 21 | |
347 total
» units
» buildings
| Altar of Kings | 1 | |
| Barracks | 1 | |
| Farm | 4 | |
| Keep | 1 | |
| Arcane Vault | 1 | |
| Lumber Mill | 1 | |
| Town Hall | 3 | |
12 total
» build order
00:49 Altar of Kings
00:51 Barracks
00:53 Farm
00:55 Farm
01:05 Farm
01:35 Farm
03:35 Keep
03:59 Arcane Vault
04:01 Lumber Mill
05:46 Town Hall
05:50 Town Hall
05:54 Town Hall
» items
| Boots of Speed | 1 | |
| Periapt of Vitality | 1 | |
| Staff of Teleportation | 1 | |
3 total

»
mooselord (
red | 41 APM | 266 actions | 06:26)
1 Death Knight
1 Death Coil
» actions
| Build / train | 20 | |
| Enter build submenu | 11 | |
| Enter hero's abilities submenu | 1 | |
| Right click | 146 | |
| Select / deselect | 75 | |
| Use ability | 13 | |
266 total
» units
| Acolyte | 3 | |
| Ghoul | 3 | |
| Crypt Fiend | 8 | |
14 total
» upgrades
» buildings
| Altar of Darkness | 1 | |
| Ziggurat | 3 | |
| Crypt | 2 | |
| Graveyard | 1 | |
| Tomb of Relics | 1 | |
| Halls of the Dead | 2 | |
10 total
» build order
00:16 Altar of Darkness
00:19 Ziggurat
00:50 Crypt
01:11 Graveyard
01:44 Tomb of Relics
01:51 Ziggurat
02:53 Crypt
04:17 Ziggurat
04:53 Halls of the Dead
» items
iThinkTherefore (
green | 18 APM | 113 actions | 06:26)
» actions
| Build / train | 12 | |
| Enter build submenu | 13 | |
| Right click | 36 | |
| Select / deselect | 40 | |
| Use ability | 12 | |
113 total
» units
» buildings
| Altar of Kings | 1 | |
| Farm | 5 | |
| Barracks | 3 | |
| Blacksmith | 3 | |
12 total
» build order
00:24 Altar of Kings
00:35 Farm
00:55 Barracks
01:16 Farm
04:48 Barracks
04:56 Barracks
05:03 Blacksmith
05:08 Blacksmith
05:13 Blacksmith
05:26 Farm
05:54 Farm
06:10 Farm

»
spickonyourbick (
orange | 38 APM | 243 actions | 06:26)
1 Mountain King
1 Storm Bolt
» actions
| Build / train | 38 | |
| Enter build submenu | 12 | |
| Enter hero's abilities submenu | 1 | |
| Remove unit from queue | 1 | |
| Right click | 100 | |
| Select / deselect | 76 | |
| Use ability | 15 | |
243 total
» units
» upgrades
» buildings
| Altar of Kings | 1 | |
| Farm | 5 | |
| Barracks | 1 | |
| Scout Tower | 1 | |
| Lumber Mill | 1 | |
| Arcane Tower | 3 | |
| Arcane Vault | 1 | |
| Blacksmith | 1 | |
| Keep | 4 | |
18 total
» build order
00:15 Altar of Kings
00:18 Farm
00:28 Barracks
01:17 Scout Tower
01:39 Farm
01:50 Lumber Mill
01:52 Arcane Tower
01:53 Arcane Tower
02:12 Arcane Vault
02:17 Farm
03:22 Blacksmith
03:30 Farm
05:17 Keep
05:17 Keep
05:17 Keep
05:43 Farm
team 2 (loser)

»
Guitar- (
teal | 20 APM | 36 actions | 01:49)
» actions
| Build / train | 6 | |
| Enter build submenu | 5 | |
| Right click | 4 | |
| Select / deselect | 18 | |
| Use ability | 3 | |
36 total
» units
» buildings
| Altar of Storms | 1 | |
| Orc Burrow | 1 | |
| Voodoo Lounge | 1 | |
3 total
» build order
00:25 Altar of Storms
00:45 Orc Burrow
00:58 Voodoo Lounge

»
Keepo (
blue | 38 APM | 73 actions | 01:54)
» actions
| Build / train | 14 | |
| Enter build submenu | 6 | |
| Right click | 22 | |
| Select / deselect | 26 | |
| Use ability | 5 | |
73 total
» units
» buildings
| Altar of Kings | 1 | |
| Barracks | 1 | |
| Farm | 3 | |
5 total
» build order
00:12 Altar of Kings
00:17 Barracks
00:22 Farm
00:58 Farm
01:37 Farm
SweatyBallsack (
purple | 29 APM | 188 actions | 06:26)
1 Archmage
1 Summon Water Elemental
» actions
| Basic commands | 21 | |
| Build / train | 10 | |
| Enter build submenu | 4 | |
| Enter hero's abilities submenu | 1 | |
| Right click | 47 | |
| Select / deselect | 90 | |
| Use ability | 10 | |
188 total
» units
» buildings
| Altar of Storms | 1 | |
| Orc Burrow | 1 | |
| Voodoo Lounge | 1 | |
| War Mill | 1 | |
4 total
» build order
00:06 Altar of Storms
00:09 Orc Burrow
01:07 Voodoo Lounge
01:52 War Mill
3v4_bot_58 (
yellow | 4 APM | 27 actions | 06:26)
» actions
| Right click | 13 | |
| Select / deselect | 10 | |
| Use ability | 4 | |
27 total
Chat log
(00:01 / All) 3v4_bot_58: Three brave challengers take on four fearsome combatants! Do they have what it takes to persevere?
(00:05 / All) iThinkTherefore: I am
(00:05 / All) iThinkTherefore: I am
(00:06 / All) iThinkTherefore: I am
(00:06 / All) iThinkTherefore: I am
(00:06 / All) iThinkTherefore: I am
(00:07 / All) iThinkTherefore: I am
(00:07 / All) iThinkTherefore: I am
(00:07 / All) iThinkTherefore: I am
(00:08 / All) iThinkTherefore: I am
(00:08 / All) iThinkTherefore: I am
(00:08 / All) iThinkTherefore: I am
(00:09 / All) iThinkTherefore: I am
(00:09 / All) iThinkTherefore: I am
(00:09 / All) iThinkTherefore: I am
(00:10 / All) iThinkTherefore: I am
(00:10 / All) iThinkTherefore: I am
(00:10 / All) iThinkTherefore: I am
(00:11 / All) iThinkTherefore: I am
(00:11 / All) iThinkTherefore: I am
(00:11 / All) iThinkTherefore: I am
(00:12 / All) iThinkTherefore: I am
(00:12 / All) iThinkTherefore: I am
(00:16 / All) lllove: I doubt therefore I think therefore I am
(00:16 / All) SweatyBallsack:
(00:43 / All) SweatyBallsack: i fucked your mom therefore im a motherfucker
(00:48 / All) spickonyourbick: Ay
(00:57 / All) SweatyBallsack: fuckay?
(01:06 / All) iThinkTherefore: i fucked ur asshole therefore i did anal
(01:06 / All) iThinkTherefore: I am
(01:07 / All) iThinkTherefore: I am
(01:07 / All) iThinkTherefore: I am
(01:07 / All) iThinkTherefore: I am
(01:08 / All) iThinkTherefore: I am
(01:08 / All) iThinkTherefore: I am
(01:09 / All) iThinkTherefore: I am
(01:09 / All) iThinkTherefore: I am
(01:10 / All) iThinkTherefore: I am
(01:10 / All) iThinkTherefore: I am
(01:10 / All) iThinkTherefore: I am
(01:11 / All) iThinkTherefore: I am
(01:11 / All) iThinkTherefore: I am
(01:11 / All) iThinkTherefore: I am
(01:12 / All) iThinkTherefore: I am
(01:12 / All) spickonyourbick: lmao
(01:22 / All) iThinkTherefore: I am
(01:22 / All) iThinkTherefore: I am
(01:22 / All) iThinkTherefore: I am
(01:23 / All) iThinkTherefore: I am
(01:23 / All) iThinkTherefore: I am
(01:23 / All) iThinkTherefore: I am
(01:24 / All) iThinkTherefore: I am
(01:24 / All) iThinkTherefore: I am
(01:24 / All) iThinkTherefore: I am
(01:25 / All) iThinkTherefore: I am
(01:25 / All) iThinkTherefore: I am
(01:25 / All) iThinkTherefore: I am
(01:26 / All) iThinkTherefore: I am
(01:36 / All) iThinkTherefore: i think therefore i am making rifles
(01:59 / All) iThinkTherefore: I am
(02:00 / All) iThinkTherefore: I am
(02:00 / All) iThinkTherefore: I am
(02:01 / All) iThinkTherefore: I am
(02:01 / All) iThinkTherefore: I am
(02:01 / All) iThinkTherefore: I am
(02:02 / All) iThinkTherefore: I am
(02:02 / All) iThinkTherefore: I am
(02:02 / All) iThinkTherefore: I am
(02:03 / All) iThinkTherefore: I am
(02:03 / All) iThinkTherefore: I am
(02:04 / All) iThinkTherefore: I am
(02:04 / All) iThinkTherefore: I am
(02:04 / All) iThinkTherefore: I am
(02:05 / All) iThinkTherefore: I am
(02:05 / All) iThinkTherefore: I am
(02:06 / All) iThinkTherefore: I am
(02:06 / All) iThinkTherefore: I am
(02:07 / All) iThinkTherefore: I am
(02:07 / All) iThinkTherefore: I am
(02:08 / All) iThinkTherefore: I am
(02:08 / All) iThinkTherefore: I am
(02:09 / All) iThinkTherefore: I am
(02:36 / All) iThinkTherefore: why blue
(02:42 / All) SweatyBallsack: blue left
(02:48 / All) SweatyBallsack: its me
(02:53 / All) iThinkTherefore: oh lol
(03:12 / All) 3v4_bot_58: ill help u purp
(04:15 / All) SweatyBallsack: orange you stupid motherfucker kill blue hes gone
(04:19 / All) SweatyBallsack: why are u creeping
(04:26 / All) spickonyourbick: dw biut to kid
(04:30 / All) iThinkTherefore: orange
(04:33 / All) iThinkTherefore: do it or
(04:33 / All) iThinkTherefore: I am
(04:33 / All) SweatyBallsack: rip english
(04:33 / All) iThinkTherefore: I am
(04:34 / All) iThinkTherefore: I am
(04:38 / All) spickonyourbick: engrish
(05:47 / All) SweatyBallsack: REINFORCEMENTS
(05:59 / All) iThinkTherefore: I am
(06:00 / All) iThinkTherefore: I am
(06:00 / All) iThinkTherefore: I am
(06:00 / All) iThinkTherefore: I am
(06:01 / All) iThinkTherefore: I am
(06:03 / All) iThinkTherefore: I am
(06:03 / All) iThinkTherefore: I am
(06:03 / All) iThinkTherefore: I am
(06:04 / All) iThinkTherefore: I am
(06:04 / All) iThinkTherefore: I am
(06:04 / All) iThinkTherefore: I am
(06:05 / All) iThinkTherefore: I am
(06:05 / All) iThinkTherefore: I am
(06:12 / All) 3v4_bot_58: FUK UR PHILOSOPHY
(06:20 / Allies) iThinkTherefore: é